 Dungeon Crawl Stone Soup version 0.22.1-2-g9c5b331383 (webtiles) character file.

242146 Ihlosi the Unseen (level 20, -8/122 HPs)
             Began as a Kobold Enchanter on Dec 30, 2018.
             Was the Champion of Sif Muna.
             Killed from afar by a merfolk aquamancer (29 damage)
             ... with a torrent of water
             ... on level 4 of the Shoals on Dec 31, 2018.
             The game lasted 05:45:11 (60277 turns).

Ihlosi the Unseen (Kobold Enchanter)               Turns: 60277, Time: 05:45:16

Health: -8/122     AC: 14    Str:  9    XL:     20   Next: 63%
Magic:  11/39      EV: 28    Int: 19    God:    Sif Muna [******]
Gold:   267        SH: 17    Dex: 18    Spells: 5/49 levels left

rFire    + . .     SeeInvis +   a - +7 rapier (flame)
rCold    + + .     Gourm    .   J - +2 buckler
rNeg     . . .     Faith    .   o - +2 robe {rC+ rF+}
rPois    +         Spirit   .   b - +0 helmet {SInv}
rElec    .         Reflect  +   z - +1 cloak {rPois}
rCorr    .         Harm     .   H - +3 pair of gauntlets of War {Slay+5}
MR       +....                  A - +2 pair of boots
Stlth    ++++++....             v - brooch of Shielding {Reflect SH+8}
HPRegen  0.30/turn              t - ring of ice
MPRegen  0.26/turn              R - ring of protection from fire

@: lethally poisoned (-8 -> -9), about to teleport
A: small, carnivore
}: 1/15 runes: gossamer
a: Divine Energy, Channel Magic, Forget Spell, Renounce Religion


You were on level 4 of the Shoals.
You worshipped Sif Muna.
Sif Muna was exalted by your worship.
You were not hungry.

You visited 7 branches of the dungeon, and saw 34 of its levels.
You visited 1 bazaar.
You also visited: Labyrinth, Trove, Bailey, Volcano and Wizlab.

You collected 3642 gold pieces.
You spent 3375 gold pieces at shops.

Inventory:

Hand Weapons
 a - a +7 rapier of flaming (weapon)
 c - the +4 glaive "Etovi" {pain, *Rage rPois Str+4}
   (You found it on level 4 of the Shoals)

   In the hands of one skilled in necromantic magic, it inflicts extra damage on
   living creatures.
   It affects your strength (+4).
   It protects you from poison.
   It may make you go berserk in combat.
 d - a +0 hand crossbow of freezing
 e - a +0 blowgun
 Y - a +2 rapier of speed
Missiles
 p - 165 bolts
 C - 7 throwing nets (quivered)
 S - 10 needles of sleeping
Armour
 b - a +0 helmet of see invisible (worn)
 o - a +2 robe of resistance (worn)
 z - a +1 cloak of poison resistance (worn)
 A - a +2 pair of boots (worn)
 H - the +3 pair of gauntlets of War (worn) {Slay+5}
   (You found it in a treasure trove)

   It affects your accuracy and damage with ranged weapons and melee attacks
   (+5).
 J - a +2 buckler (worn)
Jewellery
 t - a ring of ice (left hand)
 v - the brooch of Shielding (around neck) {Reflect SH+8}
   (You bought it in a shop in a bazaar)

   [amulet of reflection]

   It shields you and reflects attacks.
   It affects your SH (+8).
 R - a ring of protection from fire (right hand)
Wands
 q - a wand of digging (9)
 B - a wand of flame (23)
 F - a wand of random effects (38)
 I - a wand of polymorph (62)
 M - a wand of iceblast (7)
 N - a wand of paralysis (57)
 U - a wand of acid (5)
 V - a wand of scattershot (8)
 Z - a wand of enslavement (1)
Scrolls
 g - a scroll of teleportation
 h - 14 scrolls of remove curse
 l - a scroll of enchant weapon
 m - a scroll of fear
 s - a scroll of magic mapping
 D - 4 scrolls of identify
 G - a scroll of silence
 K - a scroll of blinking
 L - 4 scrolls of fog
 O - 4 scrolls of amnesia
Potions
 f - 12 potions of curing
 i - 3 potions of ambrosia
 k - 3 potions of resistance
 n - 2 potions of magic
 r - 9 potions of brilliance
 u - 2 potions of flight
 x - 4 potions of haste
 E - a potion of mutation
 Q - 2 potions of might
 W - a potion of cancellation
Miscellaneous
 j - a lamp of fire (inert)
Comestibles
 y - 54 rations


   Skills:
 - Level 12.0 Fighting
 - Level 15.0 Short Blades
 - Level 3.0 Armour
 * Level 14.7 Dodging
 - Level 15.0 Stealth
 - Level 6.0 Shields
 * Level 4.0 Unarmed Combat
 - Level 15.0 Spellcasting
 * Level 11.9 Conjurations
 - Level 12.0 Hexes
 - Level 3.0 Summonings
 - Level 3.0 Translocations
 * Level 8.0 Fire Magic
 - Level 12.0 Evocations


You had 5 spell levels left.
You knew the following spells:

 Your Spells              Type           Power        Failure   Level  Hunger
a - Dazzling Spray        Conj/Hex       ######       1%          3    None
b - Ensorcelled Hibernat  Hex/Ice        ######       1%          2    None
c - Confuse               Hex            ######..     1%          3    None
d - Corona                Hex            ######.      1%          1    None
e - Confusing Touch       Hex            ######       1%          1    None
f - Tukima's Dance        Hex            ######..     1%          3    None
g - Fulminant Prism       Conj/Hex       ######....   1%          4    None
h - Gell's Gravitas       Tloc           ####......   3%          3    None
i - Conjure Flame         Conj/Fire      ######..     1%          3    None
j - Invisibility          Hex            ######..     4%          6    #####..
k - Iskenderun's Mystic   Conj           ######..     1%          4    None
l - Summon Mana Viper     Hex/Summ       #####...     5%          5    ###....
m - Bolt of Fire          Conj/Fire      ######....   12%         6    #####..

Your spell library contained the following spells:

 Spells                   Type           Power        Failure   Level  Hunger
 Apportation              Tloc           ####..       1%          1    None
 Sting                    Conj/Pois      ####         1%          1    None
 Summon Small Mammal      Summ           ####         1%          1    None
 Inner Flame              Hex/Fire       ######..     1%          3    None
 Portal Projectile        Hex/Tloc       #####.       1%          3    None
 Spectral Weapon          Hex/Chrm       #####...     1%          3    None
 Static Discharge         Conj/Air       #####...     1%          3    None
 Stone Arrow              Conj/Erth      #####.       1%          3    None
 Summon Guardian Golem    Hex/Summ       #####...     1%          3    None
 Cause Fear               Hex            ######....   1%          4    None
 Force Lance              Conj/Tloc      #####...     1%          4    None
 Throw Icicle             Conj/Ice       ######..     3%          4    None
 Animate Skeleton         Necr           N/A          4%          1    None
 Pain                     Necr           ##..         4%          1    None
 Sandblast                Erth           ##....       4%          1    None
 Ignite Poison            Fire/Tmut/Pois ###.....     4%          3    None
 Corpse Rot               Necr           N/A          7%          2    None
 Passwall                 Tmut/Erth      ##......     7%          2    None
 Poisonous Vapours        Pois/Air       ##....       7%          2    None
 Sublimation of Blood     Necr           ##........   7%          2    None
 Bolt of Magma            Conj/Fire/Erth #####.....   9%          5    ###....
 Bolt of Draining         Conj/Necr      #####.....   11%         5    ###....
 Irradiate                Conj/Tmut      #####.....   11%         5    ###....
 Iskenderun's Battlesphe  Conj/Chrm      #####...     11%         5    ###....
 Lightning Bolt           Conj/Air       #####.....   11%         5    ###....
 Metabolic Englaciation   Hex/Ice        ######....   11%         5    ###....
 Silence                  Hex/Air        #####.....   11%         5    ###....
 Venom Bolt               Conj/Pois      #####.....   11%         5    ###....
 Yara's Violent Unravell  Hex/Tmut       #####.....   11%         5    ###....
 Regeneration             Chrm/Necr      ##........   13%         3    None
 Vampiric Draining        Necr           ##........   13%         3    None
 Summon Ice Beast         Ice/Summ       ####....     24%         4    None
 Summon Lightning Spire   Summ/Air       ###.....     24%         4    None
 Aura of Abjuration       Summ           ####......   34%         5    ###....
 Summon Forest            Summ/Tloc      ####......   34%         5    ###....
 Animate Dead             Necr           N/A          41%         4    None
 Petrify                  Tmut/Erth      ##......     41%         4    None
 Agony                    Necr           ##......     77%         5    ###....
 Alistair's Intoxication  Tmut/Pois      ##......     77%         5    ###....
 Blade Hands              Tmut           ##........   77%         5    ###....
 Dispel Undead            Necr           ##......     77%         5    ###....
 Excruciating Wounds      Chrm/Necr      ##........   77%         5    ###....
 Lee's Rapid Deconstruct  Erth           ##........   77%         5    ###....
 Darkness                 Hex            ######....   4%          6    #####..
 Orb of Destruction       Conj           ######....   28%         7    ######.
 Bolt of Cold             Conj/Ice       ######....   52%         6    #####..
 Conjure Ball Lightning   Conj/Air       #####.....   52%         6    #####..
 Iron Shot                Conj/Erth      #####.....   52%         6    #####..
 Spellforged Servitor     Conj/Summ      #####.....   87%         7    ######.
 Discord                  Hex            ######....   91%         8    #######
 Malign Gateway           Summ/Tloc      ####......   100%        7    ######.
 Monstrous Menagerie      Summ           ####......   100%        7    ######.
 Summon Greater Demon     Summ           ####......   100%        7    ######.
 Ignition                 Fire           #####.....   100%        8    #######
 Lehudib's Crystal Spear  Conj/Erth      #####.....   100%        8    #######
 Summon Horrible Things   Summ           ####......   100%        8    #######
 Fire Storm               Conj/Fire      ######....   100%        9    #######
 Glaciate                 Conj/Ice       ######....   100%        9    #######
 Shatter                  Erth           ##........   100%        9    #######
 Tornado                  Air            ##........   100%        9    #######


Dungeon Overview and Level Annotations

Branches:
Dungeon (15/15)            Temple (1/1) D:6            Lair (6/6) D:11
 Shoals (4/4) Lair:4       Spider (4/4) Lair:3        Slime (0/5) Lair:5
    Orc (2/2) D:12            Elf (2/3) Orc:2        Vaults (0/5) D:14
 Depths (0/5) D:15

Altars:
Ashenzari
Cheibriados
Dithmenos
Elyvilon
Fedhas
Gozag
Hepliaklqana
Kikubaaqudgha
Makhleb
Nemelex Xobeh
Okawaru
Qazlal
Ru
Sif Muna
Trog
Uskayaw
Vehumet
Wu Jian
Xom
Yredelemnul
Zin
The Shining One
Beogh
Jiyva

Shops:
D:8 =   D:15 [   Orc:2 %([[   Elf:2 =   Shoals:2 *   Shoals:3 %

Annotations:
Lair:3 3 runed doors, Kelilu's ghost, journeyman DEFE; Nosamok's ghost, journeyman MiBe; Xiesaoskif's ghost, journeyman MiGl
Lair:5 1 runed door, Molaav's ghost, journeyman MiMo
Elf:1 exclusions: air elemental and dancing weapon
Elf:2 exclusion: Roxanne, Roxanne


Innate Abilities, Weirdness & Mutations

You are small and have problems with some larger weapons.
You are carnivorous and can eat meat at any time.


Message History

As you read the scroll of fear, it crumbles to dust.
You assume a fearsome visage.
The merfolk aquamancer looks frightened! x2
The kraken simulacrum is unaffected.
The merfolk impaler looks frightened!
The merfolk javelineer looks frightened! x2
The snapping turtle looks frightened!
The merfolk impaler looks frightened!
You feel sick.
The merfolk aquamancer gestures wildly while chanting.
The merfolk aquamancer blinks!
The merfolk aquamancer is engulfed in a cloud of scalding steam.
The merfolk aquamancer gestures wildly while chanting.
The merfolk aquamancer blinks!
The merfolk javelineer is engulfed in a cloud of scalding steam.
As you read the scroll of teleportation, it crumbles to dust.
You feel strangely unstable.
The merfolk aquamancer mumbles some strange words.
The merfolk aquamancer blinks!
The merfolk aquamancer gestures at you while chanting.
The torrent of water hits you!
You die...

≈≈≈≈≈≈≈≈≈#####**≈≈≈≈≈≈≈≈≈≈≈≈≈≈
≈≈≈≈≈≈≈###≈≈*#,**#≈≈≈≈≈≈≈≈≈≈≈≈
≈≈≈≈≈≈≈##≈,≈Zw,,**≈≈≈≈≈≈≈≈≈≈≈≈
≈≈≈≈≈≈≈≈##≈*≈#≈***≈≈≈≈≈≈≈≈≈≈≈≈
≈......##,≈≈,≈≈,**≈≈≈≈≈≈≈≈≈≈≈≈
.......≈##≈#§#m#**.≈≈≈≈≈≈≈≈≈≈≈
........#,,m≈mt≈*#.≈≈≈≈≈≈≈≈≈≈≈
........##,≈*#≈§#..≈≈≈≈≈≈≈≈≈≈≈
.........#######@.≈m≈≈≈≈≈≈≈≈≈≈
...).....#≈≈##≈..m≈≈≈≈≈≈≈≈≈≈≈≈
.................≈≈≈≈≈≈≈≈≈≈≈≈≈
)...............§≈≈≈≈≈≈≈≈≈≈≈≈≈
.................≈≈≈≈≈≈≈≈≈≈≈≈≈
###..≈..........≈≈≈≈≈≈≈≈≈≈≈≈≈≈
###..≈.........≈≈≈≈≈≈≈≈≈≈≈≈≈≈≈
#.............≈≈≈≈≈≈≈≈≈≈≈≈≈≈≈≈
.####..)≈≈≈≈≈≈≈≈≈≈≈≈≈≈≈≈≈≈≈≈≈≈


You could see 2 merfolk impalers, a merfolk javelineer (fleeing), 2 merfolk
aquamancers and a snapping turtle (inner flame).

Vanquished Creatures
  Saint Roka (Orc:2)
  Agnes (Elf:1)
  Donald (Orc:2)
  Louise (Spider:4)
  3 ghost moths (Spider:4)
  4 emperor scorpions
  7 entropy weavers
  11 purple draconians (WizLab)
  A minotaur (Lab)
  A dire elephant (D:15)
  3 spark wasps (Spider:4)
  Snorg (D:12)
  9 statues (WizLab)
  4 merfolk impalers
  2 fire dragons
  11 hydras
  A deep elf high priest (Elf:1)
  A catoblepas (Lair:5)
  8 dancing weapons
  An alligator snapping turtle (Shoals:4)
  3 centaur warriors
  3 merfolk aquamancers
  12 death yaks
  A queen ant (Lair:5)
  12 two-headed ogres
  2 satyrs
  2 ogre magi
  An orc high priest (Orc:2)
  5 deep elf knights (Elf:1)
  A hell knight (Volcano)
  12 sea snakes
  2 unseen horrors
  A deep elf archer (Elf:1)
  A deep troll (D:10)
  3 harpies (Shoals:2)
  A lindwurm (Lair:6)
  2 orc knights
  6 oklob plants
  41 wolf spiders
  11 ugly things
  17 fauns
  2 moths of wrath
  33 deep elf magi
  31 orb spiders
  2 cyclopes
  11 elephants (Lair:5)
  3 centaur zombies
  9 manticores
  6 merfolk sirens
  5 black mambas
  A guardian serpent (Lair:6)
  Psyche (D:10)
  An ice statue (Lair:2)
  8 torpor snails
  5 water nymphs
  21 spiny frogs
  2 centaur skeletons
  2 gargoyles (D:11)
  A yaktaur (shapeshifter) (D:14)
  14 demonic crawlers
  2 freezing wraiths (D:14)
  5 komodo dragons
  41 jumping spiders
  An ice devil (Lair:2)
  3 meliai (D:15)
  25 merfolk
  7 wind drakes
  7 trolls
  A wind drake (shapeshifter) (Elf:1)
  21 hornets
  9 polar bears
  10 blink frogs
  4 slime creatures (D:15)
  4 tyrant leeches (Lair:6)
  4 dream sheep (Lair:6)
  9 snapping turtles
  12 hippogriffs
  2 shadows
  17 water elementals
  52 tarantellas
  85 redbacks
  A vampire (D:12)
  4 wraiths (D:10)
  47 yaks
  16 wyverns
  4 fire bats
  A yak (shapeshifter) (D:14)
  A basilisk (Lair:3)
  3 fire elementals (Lair:2)
  5 hungry ghosts
  2 vampire mosquitoes (D:14)
  3 wargs
  A harpy simulacrum (D:14)
  10 soldier ants (Lair:5)
  An acid dragon (D:13)
  23 water moccasins
  2 hell hounds (Lair:2)
  6 porcupines
  28 orc warriors
  A sky beast (D:10)
  2 eyes of draining
  A black bear (D:12)
  9 ice beasts
  A necrophage (D:11)
  14 ogres
  11 wolves
  6 centaurs
  4 big kobolds
  17 crocodiles
  Blork the orc (D:5)
  21 bullfrogs
  3 earth elementals
  A water moccasin zombie (D:8)
  A wyvern skeleton (D:12)
  3 scorpions
  A water moccasin skeleton (D:8)
  8 wights
  5 killer bees (D:8)
  4 howler monkeys
  4 electric eels
  4 bullfrog zombies
  7 crimson imps
  2 bullfrog skeletons
  13 hounds
  A gnoll shaman (D:6)
  28 orc priests
  2 jellies
  Jessica (D:3)
  4 iguanas
  20 orc wizards
  27 worker ants
  A killer bee zombie (D:9)
  2 hound skeletons
  18 gnolls
  11 adders
  4 shadow imps
  2 white imps (D:14)
  An ooze (D:1)
  2 adder skeletons
  2 worms
  3 dart slugs
  5 leopard geckos
  86 orcs
  2 ball pythons
  5 bats
  9 giant cockroaches
  11 goblins
  11 hobgoblins
  9 jackals
  5 quokkas
  3 frilled lizards
  34 kobolds
  A leopard gecko skeleton (D:5)
  A quokka zombie (D:5)
  15 rats
  A fungus (D:3)
  2 plants
1321 creatures vanquished.

Vanquished Creatures (collateral kills)
  An orc warrior (Orc:2)
1 creature vanquished.

Vanquished Creatures (others)
  2 deep elf magi
  A meliai zombie (D:12)
  An ogre (Orc:2)
  A kobold (D:12)
  40 fulminant prisms
  49 fungi
  102 plants
  4 tentacles (Shoals:4)
  2 withered plants (Lair:3)
202 creatures vanquished.

Grand Total: 1524 creatures vanquished

Notes
Turn   | Place    | Note
-------+----------+-------------------------------------------
     0 | D:1      | Ihlosi the Kobold Enchanter began the quest for the Orb.
     0 | D:1      | Reached XP level 1. HP: 10/10 MP: 3/3
   288 | D:1      | Reached XP level 2. HP: 15/15 MP: 5/5
   292 | D:1      | Learned a level 2 spell: Ensorcelled Hibernation
   721 | D:1      | Found a shattered altar of Ashenzari.
   733 | D:1      | Reached XP level 3. HP: 16/19 MP: 6/6
   738 | D:1      | Learned a level 3 spell: Confuse
  1544 | D:2      | Reached XP level 4. HP: 17/24 MP: 2/7
  1978 | D:2      | Found a stormy altar of Qazlal.
  1978 | D:2      | Found an ancient bone altar of Kikubaaqudgha.
  2002 | D:2      | Reached skill level 5 in Stealth
  2269 | D:3      | Reached skill level 1 in Fighting
  2269 | D:3      | Reached XP level 5. HP: 29/29 MP: 1/8
  2665 | D:3      | Noticed Jessica
  2690 | D:3      | Killed Jessica
  2760 | D:3      | Reached skill level 1 in Armour
  3089 | D:4      | Noticed an ogre
  3233 | D:4      | Reached XP level 6. HP: 16/34 MP: 6/9
  3513 | D:4      | Found an ornate altar of the Wu Jian Council.
  3672 | D:4      | Found a bloodstained altar of Trog.
  3947 | D:4      | Reached skill level 1 in Evocations
  4140 | D:4      | Reached XP level 7. HP: 31/39 MP: 11/11
  5040 | D:5      | Entered Level 5 of the Dungeon
  5066 | D:5      | Found an iron altar of Okawaru.
  5077 | D:5      | Got a steaming robe
  5093 | D:5      | Got an ancient spear
  5176 | D:4      | Identified the +2 robe "Baoguck" {rN+ Int-4 Dex+4 Stlth+}
                  | (You found it on level 5 of the Dungeon)
  5186 | D:4      | Identified the +7 spear of a Thousand Tales {antimagic,
                  | Int+5} (You found it on level 5 of the Dungeon)
  5300 | D:5      | Noticed Blork the orc
  5302 | D:5      | Killed Blork the orc
  5302 | D:5      | Reached XP level 8. HP: 45/45 MP: 12/12
  5373 | D:5      | Reached skill level 5 in Short Blades
  5704 | D:5      | Found a radiant altar of Vehumet.
  5821 | D:5      | Found a snail-covered altar of Cheibriados.
  6388 | D:6      | Found a burning altar of Makhleb.
  6388 | D:6      | Noticed a green death
  6528 | D:6      | Found a staircase to the Ecumenical Temple.
  6536 | Temple   | Entered the Ecumenical Temple
  6754 | Temple   | Became a worshipper of Sif Muna the Loreminder
  7211 | D:6      | Got a bloodstained leather armour
  7242 | D:6      | Identified the cursed +0 leather armour "Qikh" {Dex+3} (You
                  | found it on level 6 of the Dungeon)
  7269 | D:6      | Reached skill level 5 in Dodging
  7270 | D:6      | Reached XP level 9. HP: 42/51 MP: 15/15
  7836 | D:6      | Reached skill level 5 in Hexes
  8386 | D:7      | Reached * piety under Sif Muna
  8511 | D:7      | Found a glowing golden altar of the Shining One.
  8927 | D:8      | Reached skill level 5 in Spellcasting
  8933 | D:8      | Found Jodeupsa's Jewellery Boutique.
  9048 | D:8      | Bought a cursed ring of attention for 49 gold pieces
  9048 | D:8      | Bought a cursed amulet of inaccuracy for 22 gold pieces
  9262 | D:8      | Reached XP level 10. HP: 54/57 MP: 13/17
  9715 | D:9      | Found an opulent altar of Gozag.
 10016 | D:9      | Reached ** piety under Sif Muna
 10044 | D:9      | Noticed a two-headed ogre
 10083 | D:9      | Killed a two-headed ogre
 10083 | D:9      | Reached skill level 5 in Evocations
 10088 | D:9      | Learned a level 3 spell: Dazzling Spray
 10633 | D:10     | Entered Level 10 of the Dungeon
 10803 | D:10     | Noticed Fannar
 10833 | D:10     | Found a flagged portal.
 10858 | Bailey   | Entered a bailey
 11235 | Bailey   | Found an iron altar of Okawaru.
 11414 | D:10     | Reached skill level 1 in Conjurations
 11582 | D:10     | Noticed Fannar
 11582 | D:10     | Fannar changed into Fannar the deep troll
 11605 | D:10     | Killed Fannar the deep troll
 11605 | D:10     | Reached skill level 5 in Fighting
 11976 | D:10     | Reached XP level 11. HP: 43/63 MP: 18/21
 12122 | D:10     | Noticed Josephine
 12318 | D:10     | Reached *** piety under Sif Muna
 12487 | D:10     | Noticed Psyche
 12494 | D:10     | Killed Psyche
 12875 | D:10     | Noticed Josephine
 12875 | D:10     | Josephine changed into Josephine the two-headed ogre
 12880 | D:10     | Killed Josephine the two-headed ogre
 13105 | D:11     | Got a bloodstained cloak
 13116 | D:11     | Identified the +0 cloak of the Sunfish {Slay+2} (You found
                  | it on level 11 of the Dungeon)
 13910 | D:11     | Found a staircase to the Lair.
 13920 | D:11     | Noticed an unseen horror
 13922 | D:11     | Killed an unseen horror
 14080 | D:11     | Reached **** piety under Sif Muna
 14608 | D:8      | Bought an uncursed amulet of harm for 330 gold pieces
 14683 | Lair:1   | Entered Level 1 of the Lair of Beasts
 14803 | Lair:1   | Noticed a death yak
 14803 | Lair:1   | Noticed a death yak
 14891 | Lair:1   | Learned a level 1 spell: Confusing Touch
 14895 | Lair:1   | Learned a level 3 spell: Tukima's Dance
 14923 | Lair:1   | Reached XP level 12. HP: 70/70 MP: 20/25
 15067 | Lair:1   | Noticed a seven-headed hydra
 15085 | Lair:1   | Killed a seven-headed hydra
 15199 | Lair:2   | Found a transporter.
 15360 | Lair:2   | Reached skill level 5 in Conjurations
 15909 | Lair:2   | Reached skill level 1 in Shields
 16241 | Lair:2   | Reached skill level 10 in Stealth
 16545 | Lair:2   | Found a transporter.
 17348 | Lair:3   | Found a hole to the Spider Nest.
 17980 | Lair:3   | Reached XP level 13. HP: 74/74 MP: 21/26
 17993 | Lair:3   | Found a runed gate.
 17994 | Lair:3   | Found a runed gate.
 17996 | Lair:3   | Noticed Kelilu's ghost (journeyman DEFE)
 17996 | Lair:3   | Noticed Nosamok's ghost (journeyman MiBe)
 17997 | Lair:3   | Found a runed gate.
 17997 | Lair:3   | Noticed Kelilu's ghost (journeyman DEFE)
 18000 | Lair:3   | Noticed Xiesaoskif's ghost (journeyman MiGl)
 18034 | Lair:3   | Noticed a six-headed hydra
 18221 | Lair:3   | Killed a six-headed hydra
 18438 | Lair:3   | Noticed a five-headed hydra
 18444 | Lair:3   | Killed a five-headed hydra
 18494 | Lair:3   | Found the +12 glaive of Prune {chop}
 18530 | Lair:3   | Noticed an eight-headed hydra
 18534 | Lair:3   | Killed an eight-headed hydra
 18821 | Lair:4   | Reached ***** piety under Sif Muna
 18850 | Lair:4   | Noticed a four-headed hydra
 18907 | Lair:4   | Killed a four-headed hydra
 19039 | Lair:4   | Received a gift from Sif Muna
 19165 | Lair:4   | Noticed a six-headed hydra
 19180 | Lair:4   | Killed a six-headed hydra
 19409 | Lair:4   | Reached skill level 10 in Spellcasting
 19530 | Lair:4   | Noticed a four-headed hydra
 19555 | Lair:4   | Killed a four-headed hydra
 20130 | Lair:4   | Found a staircase to the Shoals.
 20490 | Lair:5   | Found a viscous altar of Jiyva.
 20490 | Lair:5   | Found a staircase to the Slime Pits.
 20558 | Lair:5   | Reached skill level 10 in Short Blades
 20573 | Lair:5   | Noticed an entropy weaver
 20575 | Lair:5   | Noticed an entropy weaver
 20680 | Lair:5   | Reached XP level 14. HP: 59/82 MP: 28/28
 20718 | Lair:5   | Found a runed door.
 20720 | Lair:5   | Found a shimmering altar of Xom.
 20720 | Lair:5   | Noticed Molaav's ghost (journeyman MiMo)
 20735 | Lair:5   | Killed an entropy weaver
 20762 | Lair:5   | Found a dark tunnel.
 20870 | Volcano  | Entered a volcano
 20887 | Volcano  | Identified a scroll of acquirement
 21709 | D:12     | Found a staircase to the Orcish Mines.
 22148 | D:11     | Found a staircase to the Lair.
 22683 | Shoals:1 | Entered Level 1 of the Shoals
 22785 | Spider:1 | Entered Level 1 of the Spider Nest
 22792 | Spider:1 | Reached skill level 10 in Dodging
 24052 | Lair:3   | Reached skill level 5 in Shields
 24570 | Lair:5   | Identified Sif Muna's Guide on Battle Magic (Sif Muna
                  | gifted it to you on level 5 of the Lair of Beasts)
 24570 | Lair:5   | Received a gift from Sif Muna
 24577 | Lair:5   | Learned a level 4 spell: Fulminant Prism
 26336 | Lair:5   | Reached XP level 15. HP: 88/88 MP: 28/31
 27075 | Lair:5   | Found a runed door.
 27075 | Lair:5   | Found a shimmering altar of Xom.
 27153 | Lair:5   | Found a staircase to the Slime Pits.
 27242 | Lair:5   | Found a viscous altar of Jiyva.
 27556 | Lair:6   | Entered Level 6 of the Lair of Beasts
 27860 | Lair:6   | Found a labyrinth entrance.
 27869 | Lab      | Entered a labyrinth
 27974 | Lab      | Found an exit through the horrors of the Abyss.
 28103 | Lab      | Found an exit through the horrors of the Abyss.
 28786 | D:12     | Found a blossoming altar of Fedhas.
 28887 | D:12     | Noticed Snorg
 29356 | D:12     | Killed Snorg
 29657 | Orc:1    | Entered Level 1 of the Orcish Mines
 29836 | Orc:1    | Learned a level 3 spell: Gell's Gravitas
 30116 | Orc:2    | Entered Level 2 of the Orcish Mines
 30466 | Orc:2    | Found a roughly hewn altar of Beogh.
 30542 | Orc:2    | Found a roughly hewn altar of Beogh.
 30544 | Orc:2    | Found Moegen's Food Shoppe.
 30891 | Orc:2    | Found a roughly hewn altar of Beogh.
 31131 | Orc:2    | Noticed Donald
 31152 | Orc:2    | HP: 2/90 [Donald/scimitar of electrocution (37)]
 31541 | Orc:2    | Found a staircase to the Elven Halls.
 31564 | Orc:2    | Found a roughly hewn altar of Beogh.
 31565 | Orc:2    | Identified Sif Muna's Catalogue of Excruciating Orientation
                  | (Sif Muna gifted it to you on level 2 of the Orcish Mines)
 31565 | Orc:2    | Received a gift from Sif Muna
 31570 | Orc:2    | Found Caischil's Armour Boutique.
 31600 | Orc:2    | Found a roughly hewn altar of Beogh.
 31769 | Orc:2    | Found a roughly hewn altar of Beogh.
 31832 | Orc:2    | Found a roughly hewn altar of Beogh.
 31873 | Orc:2    | Noticed Saint Roka
 32329 | D:13     | Reached skill level 1 in Translocations
 32899 | D:13     | Reached skill level 10 in Hexes
 33168 | D:14     | Found a gate to the Vaults.
 33422 | D:14     | Reached XP level 16. HP: 78/96 MP: 26/32
 33451 | D:14     | Learned a level 3 spell: Conjure Flame
 33479 | D:14     | Found a gateway to a bazaar.
 33571 | D:14     | Found a hide-covered altar of Uskayaw.
 34149 | D:14     | Found a portal to a secret trove of treasure.
 34529 | D:14     | You paid a toll of +2 shadow dragon scales to enter a
                  | treasure trove
 34530 | Trove    | Entered a treasure trove
 34537 | Trove    | Got a pair of warped gloves
 34593 | Trove    | Identified the +2 pair of gloves of Woanung {Str+2 SInv}
                  | (You found it in a treasure trove)
 34602 | Trove    | Got a polished cloak
 34661 | Trove    | Found the +3 pair of gauntlets of War {Slay+5}
 34694 | Trove    | Got a scorched chain mail
 34696 | Trove    | Got a translucent hat
 34711 | Trove    | Identified the +1 hat of the Dungeon {rN+ Int-2 Dex+3} (You
                  | found it in a treasure trove)
 34712 | Trove    | Identified the +2 cloak of Creativity {+Fly MR+} (You found
                  | it in a treasure trove)
 34713 | Trove    | Identified the +8 chain mail of the Lute {-Tele rElec rPois
                  | rCorr} (You found it in a treasure trove)
 35195 | D:15     | Entered Level 15 of the Dungeon
 35617 | D:15     | Reached skill level 1 in Fire Magic
 35650 | D:15     | Identified Sif Muna's Guide on Curses (Sif Muna gifted it
                  | to you on level 15 of the Dungeon)
 35650 | D:15     | Received a gift from Sif Muna
 35670 | D:15     | Learned a level 6 spell: Invisibility
 35728 | D:15     | Found Xadeh's Specialty Armours.
 36455 | D:15     | Reached skill level 10 in Evocations
 36618 | D:15     | Found a staircase to the Depths.
 38378 | Lair:5   | Found a runed door.
 38378 | Lair:5   | Found a shimmering altar of Xom.
 38713 | Lair:5   | Found a viscous altar of Jiyva.
 38713 | Lair:5   | Found a staircase to the Slime Pits.
 40166 | Lair:6   | Reached XP level 17. HP: 99/100 MP: 23/33
 40647 | Lair:6   | Found a runed door.
 41340 | Lair:3   | Reached skill level 10 in Conjurations
 41815 | Spider:1 | Identified Sif Muna's Grimoire of Feathery Attacks (Sif
                  | Muna gifted it to you on level 1 of the Spider Nest)
 41815 | Spider:1 | Received a gift from Sif Muna
 41822 | Spider:1 | Learned a level 4 spell: Iskenderun's Mystic Blast
 42748 | Spider:1 | Reached skill level 10 in Fighting
 43571 | Spider:2 | Reached skill level 15 in Stealth
 45123 | Bazaar   | Entered a bazaar
 45123 | Bazaar   | Found Baloigh's Antique Weapon Boutique.
 45133 | Bazaar   | Found Kamiaklit's Assorted Antiques.
 45155 | Bazaar   | Found Kahah's Magic Scroll Shop.
 45163 | Bazaar   | Found Peiwn's Jewellery Shop.
 45253 | Bazaar   | Bought the brooch of Shielding {Reflect SH+8} for 1594 gold
                  | pieces
 45253 | Bazaar   | Found the brooch of Shielding {Reflect SH+8}
 45284 | Bazaar   | Bought a scroll of brand weapon for 680 gold pieces
 45284 | Bazaar   | Bought a glowing platinum amulet for 170 gold pieces
 45305 | Bazaar   | Bought a scroll of magic mapping for 31 gold pieces
 45305 | Bazaar   | Bought a scroll of identify for 18 gold pieces
 45305 | Bazaar   | Bought a scroll of identify for 18 gold pieces
 45305 | Bazaar   | Bought a scroll of identify for 18 gold pieces
 45305 | Bazaar   | Bought a scroll of identify for 18 gold pieces
 45814 | Spider:2 | Reached XP level 18. HP: 65/108 MP: 31/34
 46145 | Spider:3 | Found a runed door.
 46513 | Spider:3 | Identified Sif Muna's Incunabulum of Conjuration (Sif Muna
                  | gifted it to you on level 3 of the Spider Nest)
 46513 | Spider:3 | Received a gift from Sif Muna
 46752 | Spider:4 | Entered Level 4 of the Spider Nest
 46752 | Spider:4 | Noticed Louise
 46793 | Spider:4 | Reached skill level 5 in Fire Magic
 47322 | Spider:3 | Got a faintly glowing bone amulet
 47335 | Spider:3 | Identified the amulet "Cuburphay" {Gourm +Inv rF+++ MP-9}
                  | (You found it on level 3 of the Spider Nest)
 48345 | Spider:4 | Killed Louise
 49752 | Spider:4 | Reached XP level 19. HP: 70/114 MP: 22/36
 50130 | Spider:4 | Identified Dises's Disquisition on Creative Enchantment
                  | (Sif Muna gifted it to you on level 4 of the Spider Nest)
 50130 | Spider:4 | Received a gift from Sif Muna
 50317 | Spider:4 | Got a gossamer rune of Zot
 50418 | Spider:4 | Learned a level 5 spell: Summon Mana Viper
 51076 | Orc:2    | Killed Saint Roka
 51481 | Orc:2    | Found Gukhliacs's Antique Weapon Emporium.
 51483 | Orc:2    | Found a roughly hewn altar of Beogh.
 51511 | Orc:2    | Found Suimok's Antique Armour Shoppe.
 51565 | Orc:2    | Killed Donald
 51915 | Elf:1    | Entered Level 1 of the Elven Halls
 52290 | Elf:1    | Reached skill level 1 in Summonings
 53340 | Elf:1    | Noticed Agnes
 53357 | Elf:1    | Killed Agnes
 53586 | Elf:2    | Found Vywaq Imunni's Jewellery Boutique.
 53609 | Elf:2    | Found a magical portal.
 53647 | WizLab   | Entered Iskenderun's Mystic Tower
 54690 | WizLab   | Identified Sif Muna's Disquisition on Hexes (Sif Muna
                  | gifted it to you in a wizard's laboratory)
 54690 | WizLab   | Received a gift from Sif Muna
 54862 | WizLab   | Reached skill level 1 in Unarmed Combat
 54910 | WizLab   | Reached ****** piety under Sif Muna
 55482 | WizLab   | Identified Iskenderun's Incunabulum of Battle Magic
 55482 | WizLab   | Identified Iskenderun's Incunabulum of Conjuration
 55757 | Elf:2    | Noticed Roxanne
 55877 | Orc:2    | Bought a runed rapier for 189 gold pieces
 55887 | Orc:2    | Bought an ancient leather armour for 238 gold pieces
 55889 | Orc:2    | Identified the cursed +1 leather armour of Courage {rN+
                  | MR+} (You bought it in a shop on level 2 of the Orcish
                  | Mines)
 56069 | Lair:2   | Learned a level 6 spell: Bolt of Fire
 56487 | Shoals:1 | Reached XP level 20. HP: 120/120 MP: 32/38
 56505 | Shoals:1 | Reached skill level 15 in Spellcasting
 56962 | Shoals:2 | Reached skill level 15 in Short Blades
 57273 | Shoals:2 | Found Lelon's General Store.
 57796 | Shoals:3 | Got a heavily runed chain mail
 57797 | Shoals:3 | Identified the +3 chain mail of the Equator {+Inv Str+4
                  | Int-3 Dex+2} (You found it on level 3 of the Shoals)
 58247 | Shoals:3 | Found Genoge's Food Boutique.
 58486 | Shoals:4 | Entered Level 4 of the Shoals
 59156 | Shoals:4 | Identified Sif Muna's Further Progress in Sorcery (Sif Muna
                  | gifted it to you on level 4 of the Shoals)
 59156 | Shoals:4 | Received a gift from Sif Muna
 59615 | Shoals:4 | Got a twisted glaive
 59632 | Shoals:4 | Identified the +4 glaive "Etovi" {pain, *Rage rPois Str+4}
                  | (You found it on level 4 of the Shoals)
 60277 | Shoals:4 | Killed from afar by a merfolk aquamancer

Skill      XL: |  1  2  3  4  5  6  7  8  9 10 11 12 13 14 15 16 17 18 19 20 |
---------------+-------------------------------------------------------------+-----
Short Blades   | 2 3 4 5 7 8 9 10 11 12 13 14 15 | 15.0
Stealth        | 5 6 7 8 9 11 12 15 | 15.0
Fighting       | 1 2 3 4 5 6 7 8 9 10 11 12 | 12.0
Dodging        | 3 4 5 6 7 8 9 10 11 12 13 14 | 14.7
Armour         | 1 2 3 |  3.0
Evocations     | 1 2 3 4 5 6 7 8 9 10 11 12 | 12.0
Spellcasting   | 3 4 5 7 9 10 12 13 14 15 | 15.0
Hexes          | 4 5 7 8 9 10 11 12 | 12.0
Conjurations   | 1 3 6 7 8 9 10 11 | 11.9
Shields        | 2 4 5 6 |  6.0
Translocations | 1 3 |  3.0
Fire Magic     | 3 4 5 6 8 |  8.0
Summonings     | 2 3 |  3.0
Unarmed Combat | 2 4 |  4.0

Action                   |  1- 3 |  4- 6 |  7- 9 | 10-12 | 13-15 | 16-18 | 19-21 || total
-------------------------+-------+-------+-------+-------+-------+-------+-------++-------
Melee: Dagger            |   129 |   188 |   311 |   382 |   118 |       |       ||  1128
       Short sword       |       |       |       |     6 |    52 |       |       ||    58
       Rapier            |       |       |       |       |   414 |   963 |   388 ||  1765
       Unarmed           |       |       |       |       |       |       |     2 ||     2
 Fire: Blowgun           |       |       |       |       |       |       |     9 ||     9
       Hand crossbow     |       |       |       |       |       |       |     2 ||     2
Throw: Throwing net      |       |       |       |       |       |       |     2 ||     2
 Cast: Corona            |     4 |       |       |     2 |     5 |       |       ||    11
       Ensorcelled Hiber |     2 |     7 |    45 |   107 |   361 |   328 |   186 ||  1036
       Confuse           |       |       |     8 |    39 |    24 |    45 |     9 ||   125
       Dazzling Spray    |       |       |       |    33 |    69 |    88 |    37 ||   227
       Fulminant Prism   |       |       |       |       |    33 |     7 |       ||    40
       Conjure Flame     |       |       |       |       |       |    12 |       ||    12
       Gell's Gravitas   |       |       |       |       |       |     4 |       ||     4
       Invisibility      |       |       |       |       |       |    15 |    12 ||    27
       Iskenderun's Myst |       |       |       |       |       |    11 |     5 ||    16
       Summon Mana Viper |       |       |       |       |       |       |    11 ||    11
       Bolt of Fire      |       |       |       |       |       |       |    31 ||    31
       Confusing Touch   |       |       |       |       |       |       |     1 ||     1
Evoke: Wand              |       |       |     2 |    25 |    54 |    55 |    23 ||   159
       Lamp of fire      |       |       |       |     1 |     2 |     3 |     1 ||     7
       Lightning rod     |       |       |       |       |     5 |       |       ||     5
  Use: Scroll            |       |       |    11 |    14 |    18 |    22 |     8 ||    73
       Potion            |       |       |       |     3 |    14 |     5 |     6 ||    28
 Stab: Sleeping          |    16 |    14 |    30 |    81 |   241 |   225 |   114 ||   721
       Distracted        |       |     1 |       |     2 |     2 |    12 |     1 ||    18
       Confused          |       |       |     8 |    18 |    10 |    21 |     2 ||    59
       Invisible         |       |       |       |     6 |     7 |    61 |    34 ||   108
       Paralysed         |       |       |       |       |     7 |     1 |     1 ||     9
       Held in net/web   |       |       |       |       |       |       |     1 ||     1
  Eat: Chunk             |    10 |     7 |    20 |    33 |    52 |    47 |    40 ||   209
       Ration            |       |       |       |       |       |     6 |     2 ||     8
Armor: Robe              |    16 |    34 |    46 |    54 |   107 |   130 |    32 ||   419
       Skin              |       |       |       |     4 |       |       |       ||     4
       Acid dragon scale |       |       |       |       |       |    54 |       ||    54
Dodge: Dodged            |    79 |   116 |   208 |   326 |   718 |   949 |   234 ||  2630
Block: Buckler           |       |       |       |       |       |   412 |   297 ||   709
       Reflection        |       |       |       |       |       |     4 |    27 ||    31
